[Event "Team 45 45 League T51"]
[Site "Internet Chess Club"]
[Date "2011.12.18"]
[Round "6"]
[White "BrianWood"]
[Black "chess-fan"]
[Result "1/2-1/2"]
[WhiteElo "1515"]
[BlackElo "1642"]
[Opening "Grünfeld: exchange, Spassky variation"]
[ECO "D87"]
[Time "22:00:50"]
[TimeControl "2700+45"]

1. d4 Nf6 2. c4 g6 3. Nc3 d5 4. cxd5 Nxd5 5. e4 Nxc3 6. bxc3 Bg7 7. Bc4 c5 8.
Ne2 O-O 9. Be3 Qa5 10. O-O Nc6 11. Qc2 cxd4 12. Nxd4 Nxd4 13. Bxd4 Qc7 14. Bd3
Rd8 15. Bxg7 Kxg7 16. Rfd1 Be6 17. Be2 Rxd1+ 18. Rxd1 Rc8 19. Rc1 f5 20. f3 Qc5+
21. Kf1 Bc4 22. Bxc4 Qxc4+ 23. Qe2 Qxe2+ 24. Kxe2 e6 25. Ke3 Kf6 26. f4 fxe4 27.
Kxe4 Rc4+ 28. Kf3 Kf5 29. g4+ Kf6 30. h3 b5 31. Ke3 b4 32. Rc2 Rxc3+ 33. Rxc3
bxc3 34. Kd3 e5 35. Kxc3 exf4 36. Kd3 Ke5 37. Ke2 Ke4 38. Kf2 h5 39. gxh5 gxh5
40. h4 f3 41. a4 a5 42. Kf1 Kd4 43. Kf2 Kc4 44. Kxf3 Kb4 45. Kf4 Kxa4 46. Kg5
Kb4 47. Kxh5 a4 48. Kg6 a3 49. h5 a2 50. h6 a1=Q 51. h7 Qg1+ 52. Kf7 Qf2+ 53.
Kg7 Qg3+ 54. Kf7 Qf4+ 55. Kg7 Qg5+ 56. Kh8 Qf6+ 57. Kg8 Qg6+ 58. Kh8 Qd6 59. Kg7
Qe7+ 60. Kg8 {Game drawn by mutual agreement} 1/2-1/2

[Event "Team 45 45 League T51"]
[Site "Internet Chess Club"]
[Date "2011.12.18"]
[Round "6"]
[White "hi12980"]
[Black "oldsj"]
[Result "0-1"]
[WhiteElo "1513"]
[BlackElo "1468"]
[Opening "Ruy Lopez: open (Tarrasch) defense"]
[ECO "C80"]
[Time "13:00:27"]
[TimeControl "2700+45"]

1. e4 e5 2. Nf3 Nc6 3. Bb5 a6 4. Ba4 Nf6 5. O-O Nxe4 6. Re1 Nc5 7. Bxc6 dxc6 8.
Nxe5 Be7 9. Qe2 O-O 10. Nc3 Be6 11. d3 Re8 12. Be3 Nd7 13. Nc4 Nf6 14. Rad1 Bg4
15. f3 Bh5 16. Qf2 Nd5 17. Bd4 Nf4 18. Re4 Ne6 19. Kh1 Bg6 20. Ne2 Bxe4 21. dxe4
Bc5 22. Rd3 Nxd4 23. Nxd4 Qf6 24. Qd2 Rad8 25. e5 Qg6 26. h3 Bxd4 27. c3 b5 28.
Na3 c5 29. Nc2 c4 30. Rxd4 Rxd4 31. cxd4 Rd8 32. Qf2 Qd3 33. Nb4 Qxd4 34. Qxd4
Rxd4 35. Nxa6 c6 36. Nb8 c5 37. Na6 b4 38. Nxc5 c3 39. bxc3 bxc3 40. Nb3 Rd1+
41. Kh2 c2 42. Kg3 Rb1 43. Nd2 c1=Q 44. Nxb1 Qxb1 45. Kg4 Qxa2 46. f4 Qxg2+ 47.
Kh4 Qf2+ 48. Kg4 h5+ 49. Kxh5 Qxf4 50. h4 Qxe5+ 51. Kg4 f5+ 52. Kh5 f4+ 53. Kg4
Qe3 54. Kf5 f3 55. h5 f2 56. h6 f1=Q+ 57. Kg4 Qfg1+ 58. Kf5 Qxh6 59. Ke4 Qe6+
60. Kd3 Qd1+ 61. Kc3 Qc6+ 62. Kb2 Qdc1+ 63. Kb3 Q6c4# {White checkmated} 0-1

[Event "Team 45 45 League T51"]
[Site "Internet Chess Club"]
[Date "2011.12.19"]
[Round "6"]
[White "stan-beers"]
[Black "kingsleywang"]
[Result "0-1"]
[WhiteElo "1467"]
[BlackElo "1548"]
[Opening "Queen's pawn game"]
[ECO "E10"]
[Time "19:00:19"]
[TimeControl "2700+45"]

1. d4 Nf6 2. Nf3 e6 3. c4 c5 4. Bg5 Nc6 5. a3 h6 6. Bh4 Be7 7. e3 Qb6 8. Nbd2
cxd4 9. exd4 Qxb2 10. Be2 Qb6 11. c5 Qc7 12. O-O Nd5 13. Qc2 Bxh4 14. Nxh4 Nxd4
15. Qe4 Nxe2+ 16. Qxe2 Qxc5 17. Rfc1 Qe7 18. Nhf3 O-O 19. Qc4 d6 20. Nf1 Bd7 21.
Ng3 Rac8 22. Qd4 Qf6 23. Qxa7 Rxc1+ 24. Rxc1 Bc6 25. Rd1 Qe7 26. Re1 Qc7 27. Qd4
Qb6 28. Qh4 Qa5 29. h3 Qxa3 30. Qg4 Qb4 31. Re4 Qb1+ 32. Kh2 Nf6 33. Qf4 Bxe4
34. Nxe4 {White resigns} 0-1

[Event "Team 45 45 League T51"]
[Site "Internet Chess Club"]
[Date "2011.12.17"]
[Round "6"]
[White "XGG123"]
[Black "wekabird"]
[Result "0-1"]
[WhiteElo "1288"]
[BlackElo "1202"]
[Opening "Caro-Kann: classical variation"]
[ECO "B18"]
[Time "18:06:52"]
[TimeControl "2700+45"]

1. e4 c6 2. d4 d5 3. Nc3 dxe4 4. Nxe4 Bf5 5. Bd3 Bxe4 6. Bxe4 Nf6 7. Bd3 Qxd4 8.
Nf3 Qd8 9. Bf4 e6 10. O-O Be7 11. Re1 O-O 12. Qe2 Nbd7 13. Be4 Nxe4 14. Qxe4 Nc5
15. Qe5 f6 16. Qh5 Qe8 17. Qh3 Rd8 18. Be3 Ne4 19. Bf4 f5 20. Re3 Qf7 21. Ne5
Qf6 22. Qh5 Bd6 23. Nd3 Bxf4 24. Nxf4 Rd2 25. Rh3 Ng5 26. Rg3 h6 27. h4 Ne4 28.
Rf3 e5 29. Ng6 Rf7 30. Rd3 Rxf2 31. Rad1 Kh7 32. Nxe5 g6 33. Qxg6+ Qxg6 34. Nxg6
Kxg6 35. Rc1 Kh5 36. g3 f4 37. gxf4 Rg7+ 38. Kh1 Rgg2 39. Rh3 Ng3+ 40. Rxg3 Rxg3
41. Rg1 Rh3# {White checkmated} 0-1

[Event "Team 45 45 League T51"]
[Site "Internet Chess Club"]
[Date "2011.12.18"]
[Round "6"]
[White "crazyhorses"]
[Black "quotha"]
[Result "1-0"]
[WhiteElo "1564"]
[BlackElo "1723"]
[Opening "Bird's opening"]
[ECO "A03"]
[Time "16:05:20"]
[TimeControl "2700+45"]

1. f4 d5 2. Nf3 e6 3. e3 c5 4. b3 Be7 5. Bb2 Bf6 6. Nc3 Ne7 7. Na4 Bxb2 8. Nxb2
Nbc6 9. c3 a6 10. d4 cxd4 11. cxd4 Qa5+ 12. Qd2 Qxd2+ 13. Kxd2 b5 14. Nd3 O-O
15. Nc5 Nf5 16. Rc1 Nce7 17. Bd3 Nd6 18. g4 f5 19. g5 Ne4+ 20. Ke2 Rd8 21. Ne5
Rd6 22. Rc2 b4 23. Bxe4 dxe4 24. Rhc1 g6 25. Kd2 Nd5 26. Nxe4 fxe4 27. Rxc8+
Rxc8 28. Rxc8+ Kg7 29. Nc4 Rd7 30. Ra8 Nc7 31. Ra7 Kf8 32. Ne5 Re7 33. Nc6 Rf7
34. Nxb4 {Black resigns} 1-0

[Event "Team 45 45 League T51"]
[Site "Internet Chess Club"]
[Date "2011.12.17"]
[Round "6"]
[White "Hapa-Haole"]
[Black "Theodulf"]
[Result "0-1"]
[WhiteElo "1640"]
[BlackElo "1677"]
[Opening "QGA, 4.Nc3"]
[ECO "D24"]
[Time "11:03:36"]
[TimeControl "2700+45"]

1. d4 d5 2. Nf3 Nf6 3. c4 dxc4 4. Nc3 a6 5. a4 Nc6 6. e3 e6 7. Bxc4 Be7 8. O-O
O-O 9. b3 Nb4 10. Bb2 b6 11. Qe2 Bb7 12. Rfd1 c6 13. Ne5 Qc7 14. Rac1 b5 15. Bd3
Nxd3 16. Nxd3 Qb6 17. axb5 cxb5 18. b4 Nd7 19. Nc5 Nxc5 20. dxc5 Qc6 21. Qg4 f5
22. Qg3 Bh4 23. Qh3 Rad8 24. f3 Bf6 25. Ba1 Qc7 26. e4 Bd4+ 27. Kf1 Qe5 28. Re1
fxe4 29. Nxe4 Bxe4 30. Bxd4 Bd3+ 31. Kf2 Qxd4+ 32. Re3 Bf5 33. Qg3 Qd2+ {White
resigns} 0-1

[Event "Team 45 45 League T51"]
[Site "Internet Chess Club"]
[Date "2011.12.20"]
[Round "6"]
[White "ILRE"]
[Black "clarinetref"]
[Result "1-0"]
[WhiteElo "1718"]
[BlackElo "1651"]
[Opening "King's Indian: 4.e4"]
[ECO "E70"]
[Time "13:05:45"]
[TimeControl "2700+45"]

1. d4 Nf6 2. c4 g6 3. Nc3 Bg7 4. e4 d6 5. Bd3 O-O 6. Nge2 e5 7. d5 Nbd7 8. O-O
a5 9. Bc2 Nc5 10. h3 Qe7 11. Rb1 Bd7 12. a3 a4 13. Be3 b6 14. Ng3 Rfb8 15. Bxc5
bxc5 16. Nxa4 Bxa4 17. Bxa4 Nd7 18. Bxd7 Qxd7 19. Ne2 Ra4 20. Qd3 f5 21. Nc3 Ra6
22. exf5 gxf5 23. Nb5 e4 24. Qe2 c6 25. dxc6 Rxc6 26. Rfd1 Be5 27. Rd5 Qe6 28.
Rbd1 Rb7 29. Qc2 Rg7 30. Qa4 Rc8 31. Qa6 Rd8 32. Qb6 Qe7 33. Rxe5 Qg5 34. Kf1
Qxg2+ 35. Ke2 Qf3+ 36. Kd2 Qf4+ 37. Kc2 Qxf2+ 38. Kb1 Rgd7 39. Rxd6 Qf1+ 40. Kc2
Qxc4+ 41. Kd2 Rxd6+ 42. Nxd6 Qd4+ 43. Kc2 Qd3+ 44. Kc1 Qxd6 45. Re8+ Kf7 46.
Qxd8 Qf4+ 47. Kb1 Qf1+ 48. Kc2 Qc4+ 49. Kd2 e3+ 50. Rxe3 Qd4+ 51. Qxd4 cxd4 52.
Rd3 Ke6 53. Rxd4 Ke5 54. Rh4 {Black resigns} 1-0

[Event "Team 45 45 League T51"]
[Site "Internet Chess Club"]
[Date "2011.12.15"]
[Round "6"]
[White "tryanything"]
[Black "BrandonBee"]
[Result "1/2-1/2"]
[WhiteElo "1585"]
[BlackElo "1590"]
[Opening "Dutch: Staunton gambit, Staunton's line"]
[ECO "A83"]
[Time "14:53:34"]
[TimeControl "2700+45"]

1. d4 f5 2. e4 fxe4 3. Nc3 Nf6 4. Bg5 d5 5. Bxf6 exf6 6. Qh5+ g6 7. Qxd5 Bf5 8.
Bc4 Qxd5 9. Nxd5 Kd8 10. O-O-O Nd7 11. Ne3 Nb6 12. Bb3 Bd7 13. Ne2 Bd6 14. Nd5
Nxd5 15. Bxd5 Bc6 16. Bxc6 bxc6 17. Nc3 f5 18. d5 c5 19. Nb5 Bf4+ 20. Kb1 a6 21.
Na3 Kd7 22. g3 Be5 23. Nc4 Rhe8 24. Na5 Bg7 25. c4 Rab8 26. b3 h6 27. Nc6 Rb6
28. Kc2 Ra8 29. a4 a5 30. Rhe1 Rba6 31. f3 Re8 32. fxe4 fxe4 33. Re2 e3 34. Rd3
Bd4 35. Nxd4 cxd4 36. Rxd4 Rf6 37. Kd3 Rb8 38. Kc3 Re8 39. Rf4 Rxf4 40. gxf4 Re4
41. Kd3 Rxf4 42. Rxe3 Rf2 43. h3 g5 44. Rg3 Kd6 45. Ke3 Rf4 46. Rf3 Rh4 47. Rg3
Ke5 48. Kf3 Rf4+ 49. Ke3 Re4+ 50. Kd3 Rd4+ 51. Ke2 Kf5 52. Rf3+ Kg6 53. Re3 Rh4
54. Rg3 Kf5 55. Rf3+ Ke4 56. Re3+ Kf4 57. Kf2 h5 58. Rf3+ Ke4 59. Re3+ Kf4 60.
Rf3+ {Game drawn by mutual agreement} 1/2-1/2

[Event "Team 45 45 League T51"]
[Site "Internet Chess Club"]
[Date "2011.12.19"]
[Round "6"]
[White "houseofcook"]
[Black "PostMike"]
[Result "1-0"]
[WhiteElo "1448"]
[BlackElo "1420"]
[Opening "Sicilian: closed"]
[ECO "B23"]
[Time "14:32:41"]
[TimeControl "2700+45"]

1. e4 c5 2. Nc3 e6 3. f4 Nc6 4. Bb5 Nd4 5. Nf3 Nxb5 6. Nxb5 d5 7. exd5 exd5 8.
Qe2+ Be7 9. Nc3 Nf6 10. O-O O-O 11. d3 Re8 12. Re1 d4 13. Ne4 Nxe4 14. dxe4 b6
15. Qf1 a5 16. Bd2 Ba6 17. Qf2 Bf6 18. e5 Be7 19. Qg3 c4 20. f5 f6 21. Bh6 Bf8
22. e6 Kh8 23. Bd2 d3 24. cxd3 Qxd3 25. Qh3 Bb7 26. Rac1 Bc5+ 27. Kh1 Bb4 28.
Bxb4 axb4 29. Rcd1 Qc2 30. Rd2 Qa4 31. Rd7 Bc6 32. Rf7 Ra7 33. Rxa7 Qxa7 34. Nh4
Kg8 35. a3 bxa3 36. bxa3 b5 37. Qc3 Re7 38. Rd1 Qf2 39. Nf3 Qc5 40. Rd8+ Re8 41.
Qd2 Kf8 42. h3 Bxf3 43. Rxe8+ Kxe8 44. Qd7+ Kf8 45. Qf7# {Black checkmated} 1-0

[Event "Team 45 45 League T51"]
[Site "Internet Chess Club"]
[Date "2011.12.18"]
[Round "6"]
[White "SlimeDog2"]
[Black "Paulkov"]
[Result "0-1"]
[WhiteElo "2117"]
[BlackElo "2310"]
[Opening "Neo-Grünfeld, 6.cd Nxd5, 7.O-O c5, 8.Nc3"]
[ECO "D90"]
[Time "19:43:16"]
[TimeControl "2700+45"]

1. d4 Nf6 2. c4 g6 3. Nf3 Bg7 4. Nc3 d5 5. cxd5 Nxd5 6. g3 O-O 7. Bg2 c5 8. O-O
Nxc3 9. bxc3 Nc6 10. e3 Qa5 11. Qb3 Rb8 12. Bb2 Be6 13. c4 b5 14. Bc3 Qa6 15.
cxb5 Rxb5 16. Qc2 Rc8 17. a4 Rb3 18. Rfb1 Rxc3 19. Qxc3 cxd4 20. Qc5 d3 21. Ra3
Nd4 22. exd4 Rxc5 23. dxc5 h6 24. Rb8+ Kh7 25. Rd8 Bf5 26. c6 Qb6 27. Raxd3 Bxd3
28. Rxd3 Qb1+ 29. Bf1 Qc2 30. Nd4 Qc5 31. Nb5 Qxc6 32. Nxa7 Qxa4 33. Nc8 Qb4 34.
Rd7 Qc5 35. Nxe7 Bd4 36. Nd5 Bxf2+ 37. Kg2 Kg7 38. Bc4 Qxc4 39. Kxf2 Qc2+ 40.
Kg1 Qc8 41. Rc7 Qe6 42. Rc5 Qe4 {White resigns} 0-1

[Event "Team 45 45 League T51"]
[Site "Internet Chess Club"]
[Date "2011.12.16"]
[Round "6"]
[White "Boromir"]
[Black "cysk"]
[Result "1/2-1/2"]
[WhiteElo "1917"]
[BlackElo "1745"]
[Opening "Scandinavian: Pytel-Wade variation"]
[ECO "B01"]
[Time "16:11:21"]
[TimeControl "2700+45"]

1. e4 d5 2. exd5 Qxd5 3. Nc3 Qd6 4. Nf3 a6 5. Be2 Nf6 6. d4 e6 7. O-O Be7 8. Ne5
Nc6 9. Nxc6 Qxc6 10. Bf3 Qd6 11. Bg5 O-O 12. Ne4 Nxe4 13. Bxe7 Qxe7 14. Bxe4 Rd8
15. Qd3 g6 16. Qc3 Rb8 17. Rad1 b5 18. a3 b4 19. axb4 Rxb4 20. Bf3 Bb7 21. Bxb7
Rxb7 22. b3 Qd6 23. Rd3 Rb4 24. Rfd1 a5 25. h3 a4 26. bxa4 Rxa4 27. d5 e5 28.
Rb1 Rda8 29. Rdd1 R8a5 30. Rb7 Rxd5 31. Rxd5 Qxd5 {Game drawn by mutual
agreement} 1/2-1/2

[Event "Team 45 45 League T51"]
[Site "Internet Chess Club"]
[Date "2011.12.16"]
[Round "6"]
[White "Eyechess"]
[Black "cesaralexander"]
[Result "1-0"]
[WhiteElo "2027"]
[BlackElo "1891"]
[Opening "French: advance variation"]
[ECO "C02"]
[Time "21:30:52"]
[TimeControl "2700+45"]

1. e4 e6 2. d4 d5 3. e5 c5 4. c3 Qb6 5. Nf3 Nc6 6. a3 cxd4 7. cxd4 Nh6 8. Nc3
Nf5 9. Na4 Qd8 10. Be2 Be7 11. b4 Bd7 12. Nc5 b6 13. Nxd7 Qxd7 14. Bb5 a6 15.
Qa4 axb5 16. Qxa8+ Bd8 17. Bg5 O-O 18. Bxd8 Rxd8 19. Qa6 Ncxd4 20. Nxd4 Nxd4 21.
Rc1 Rb8 22. Rc3 Qd8 23. f4 h6 24. g3 g5 25. h4 g4 26. Kf2 Ra8 27. Qb7 Rb8 28.
Qc7 Qxc7 29. Rxc7 Ra8 30. Rd1 Nb3 31. Rd3 Rxa3 32. Rc2 Na1 33. Rc8+ {Black
resigns} 1-0

[Event "Team 45 45 League T51"]
[Site "Internet Chess Club"]
[Date "2011.12.16"]
[Round "6"]
[White "PandorasBox"]
[Black "chess9793"]
[Result "1-0"]
[WhiteElo "1940"]
[BlackElo "2122"]
[Opening "English, 1...Nf6 (Anglo-Indian defense)"]
[ECO "A15"]
[Time "17:30:45"]
[TimeControl "2700+45"]

1. c4 Nf6 2. g3 g6 3. Bg2 Bg7 4. Nc3 O-O 5. e4 c5 6. Nge2 Nc6 7. O-O Rb8 8. d3
a6 9. Be3 d6 10. a4 Qb6 11. Qd2 Ng4 12. Rab1 Nxe3 13. fxe3 Bd7 14. Nd5 Qd8 15.
Nec3 e6 16. Nf4 Qe7 17. b3 Ne5 18. d4 Ng4 19. Nfe2 b5 20. h3 Nf6 21. axb5 axb5
22. dxc5 dxc5 23. cxb5 Bxb5 24. Nxb5 Rxb5 25. Nc3 Rb4 26. Rfd1 Rfb8 27. Qc2 Qc7
28. Ne2 Qb6 29. e5 Ne8 30. Rd7 c4 31. Nd4 cxb3 32. Qf2 f5 33. Nc6 Bh6 34. Rd3 b2
35. Nxb4 Qxb4 36. Kh2 Bg7 37. e4 Qb5 38. Qd2 fxe4 39. Bxe4 Qxe5 40. Bf3 Qf5 41.
Bg4 Qe4 42. Bf3 Qc4 43. Qe2 Qa2 44. Rdd1 Nc7 45. Qc2 Nb5 46. Rd7 Qa6 47. Rxg7+
Kxg7 48. Qxb2+ Kg8 49. Be2 Qb6 50. Bxb5 Rf8 51. Kg2 Qb7+ 52. Kh2 Qb6 53. Kg2
Qb7+ 54. Kg1 Qb6+ 55. Kh1 Rf2 56. Qc1 Qb8 57. Qc3 Qd6 58. Bc6 Rf8 59. Bg2 Rf7
60. Ra1 Rc7 61. Ra8+ Kf7 62. Qf3+ Kg7 63. Kh2 e5 64. Qa3 Qf6 65. Ra7 Rf7 66. Qe3
Rxa7 67. Qxa7+ Kh6 68. Qe3+ Kg7 69. Bd5 Qd6 70. Qa7+ Kh6 71. Qf7 Qb4 72. h4 e4
73. Qf4+ Kg7 74. Bxe4 Qe7 75. Bf3 Qc5 76. Qd2 h5 77. Qb2+ Kh6 78. Qh8# {Black
checkmated} 1-0

[Event "Team 45 45 League T51"]
[Site "Internet Chess Club"]
[Date "2011.12.17"]
[Round "6"]
[White "wilson97"]
[Black "Stryker672"]
[Result "1-0"]
[WhiteElo "1909"]
[BlackElo "1974"]
[Opening "Ruy Lopez: Berlin defense, Beverwijk variation"]
[ECO "C64"]
[Time "16:02:38"]
[TimeControl "2700+45"]

1. e4 e5 2. Nf3 Nc6 3. Bb5 Bc5 4. O-O Nf6 5. d3 d6 6. Bg5 h6 7. Bh4 O-O 8. Nc3
Be6 9. Re1 Nd4 10. Nxd4 Bxd4 11. Qd2 c6 12. Ba4 g5 13. Bg3 Nh5 14. Ne2 Bb6 15.
Bb3 Qf6 16. Rf1 Kh7 17. d4 Nf4 18. d5 Bg4 19. Bxf4 gxf4 20. h3 Bh5 21. Kh2 Rg8
22. f3 Be3 23. Qc3 Qg5 24. g4 fxg3+ 25. Kg2 c5 26. Ba4 Bd4 27. Qd3 Rad8 28. c3
Bf2 29. c4 Rgf8 30. Bc2 Bg6 31. Qb3 Rb8 32. Nc3 Bh5 33. Nb5 Bd4 34. Rad1 Qe7 35.
Nxa7 Bg6 36. Nb5 f5 37. Nxd4 exd4 38. Rde1 Qg5 39. f4 Qf6 40. exf5 Bxf5 41. Re6
Qh4 42. Bxf5+ Rxf5 43. Rxd6 Rxf4 44. Qd3+ Kh8 45. Rd7 Re4 46. Rff7 Rbe8 47. Rh7+
Kg8 48. Rdg7+ Kf8 49. Qf3+ Rf4 50. Rf7+ Kg8 51. Rxf4 Re2+ 52. Qxe2 Qxf4 53. Rxb7
Kf8 54. Qe7+ {Black resigns} 1-0

[Event "Team 45 45 League T51"]
[Site "Internet Chess Club"]
[Date "2011.12.16"]
[Round "6"]
[White "zachi"]
[Black "e4master"]
[Result "0-1"]
[WhiteElo "1945"]
[BlackElo "1775"]
[Opening "Sicilian: Alapin's variation (2.c3)"]
[ECO "B22"]
[Time "19:16:26"]
[TimeControl "2700+45"]

1. e4 c5 2. c3 g6 3. Bc4 Nc6 4. Nf3 Bg7 5. O-O e6 6. d3 Nge7 7. Be3 d5 8. exd5
exd5 9. Bb3 Qd6 10. Qd2 Be6 11. d4 c4 12. Bc2 Nf5 13. Bf4 Qd7 14. Re1 O-O 15.
Ng5 b5 16. Qe2 Rfe8 17. Qf3 b4 18. Nd2 bxc3 19. bxc3 Nfxd4 20. cxd4 Nxd4 21. Qd1
Nxc2 22. Qxc2 Bxa1 23. Rxa1 Bf5 24. Qc3 Bd3 25. Ndf3 Rad8 26. Ne5 Qf5 27. Qd4 f6
28. Nef7 Kg7 29. Nxd8 Rxd8 30. Re1 Rd7 31. Ne6+ Kf7 32. Qc5 Be4 33. f3 Qxe6 34.
fxe4 dxe4 35. Rc1 g5 36. Be3 Rd3 37. Kf2 c3 38. Qxa7+ Kg6 39. Qa5 f5 40. Rxc3 f4
41. Bc1 e3+ 42. Ke1 Rxc3 43. Qxc3 Qxa2 44. Bb2 Qb1+ 45. Ke2 Qe4 46. Kf1 h6
{White forfeits on time} 0-1

[Event "Team 45 45 League T51"]
[Site "Internet Chess Club"]
[Date "2011.12.22"]
[Round "6"]
[White "cityprosecutor"]
[Black "Deckfuel"]
[Result "0-1"]
[WhiteElo "1666"]
[BlackElo "2010"]
[Opening "Sicilian defense"]
[ECO "B20"]
[Time "12:17:53"]
[TimeControl "2700+45"]

1. e4 c5 2. d3 g6 3. Nd2 Bg7 4. g3 e5 5. Ngf3 d6 6. Bg2 Nf6 7. O-O O-O 8. a4 Nc6
9. Nc4 Nh5 10. Ne3 Ne7 11. Nh4 Be6 12. Nhf5 Bxf5 13. Nxf5 Nxf5 14. exf5 Qd7 15.
Qf3 Rab8 16. g4 Nf4 17. Bxf4 exf4 18. Qxf4 Bxb2 19. Rab1 Be5 20. Qg5 Qxa4 21. f6
Qd4 22. Bxb7 Bxf6 23. Qh6 {White resigns} 0-1

[Event "Team 45 45 League T51"]
[Site "Internet Chess Club"]
[Date "2011.12.18"]
[Round "6"]
[White "Razorbackchess"]
[Black "Sirian"]
[Result "1-0"]
[WhiteElo "1718"]
[BlackElo "1578"]
[Opening "Queen's pawn game, Chigorin variation"]
[ECO "D02"]
[Time "20:02:05"]
[TimeControl "2700+45"]

1. d4 d5 2. Nf3 Nc6 3. e3 Bg4 4. Be2 e6 5. O-O Bd6 6. Nbd2 Nge7 7. c3 Ng6 8. h3
Bh5 9. g4 Bxg4 10. hxg4 Qe7 11. e4 e5 12. exd5 Na5 13. dxe5 Bxe5 14. Nxe5 Nxe5
15. Re1 O-O-O 16. b4 h5 17. Bf3 hxg4 18. Bxg4+ Nxg4 19. Rxe7 Nf6 20. bxa5 a6 21.
c4 Rh7 22. Qe2 Rdh8 23. Nf1 Rh1+ 24. Kg2 Kb8 25. Bf4 Ka8 26. Bh2 R1xh2+ 27. Nxh2
Rb8 28. Ng4 Ng8 29. Re8 Rxe8 30. Qxe8+ Ka7 31. Qxg8 f5 32. Re1 fxg4 33. Re8 b6
34. Ra8+ Kb7 35. Qb8# {Black checkmated} 1-0

[Event "Team 45 45 League T51"]
[Site "Internet Chess Club"]
[Date "2011.12.19"]
[Round "6"]
[White "Signalman"]
[Black "Invicta-Knight"]
[Result "1-0"]
[WhiteElo "1525"]
[BlackElo "1428"]
[Opening "French: Réti (Spielmann) variation"]
[ECO "C00"]
[Time "13:35:40"]
[TimeControl "2700+45"]

1. e4 e6 2. b3 d5 3. Bb2 dxe4 4. Nc3 Nf6 5. Qe2 Nc6 6. O-O-O Bc5 7. Nxe4 Nxe4 8.
Qxe4 Bd4 9. Bb5 Bxb2+ 10. Kxb2 Qf6+ 11. Kb1 Bd7 12. f4 Qf5 13. Qxf5 exf5 14.
Re1+ Ne7 15. Bxd7+ Kxd7 16. Nf3 f6 17. c4 Rad8 18. Re3 Rhe8 19. Rhe1 Nc6 20. a3
h6 21. d4 Rxe3 22. Rxe3 Re8 23. Rxe8 Kxe8 24. Kc2 g5 25. d5 Ne7 26. g3 a6 27.
Nd4 Kd7 28. b4 Kd6 29. Kd3 c5 30. dxc6 bxc6 31. Nb3 Ng6 32. Ke3 h5 33. Nc5 a5
34. Nb7+ Kc7 35. Nxa5 h4 36. Nb3 h3 37. a4 Ne7 38. a5 Nc8 39. Nc5 Nd6 40. Kd4
Nf7 41. a6 Kb6 42. b5 cxb5 43. cxb5 Nd6 44. Nd7+ Ka7 45. Kc5 Ne4+ 46. Kc6 {Black
resigns} 1-0

[Event "Team 45 45 League T51"]
[Site "Internet Chess Club"]
[Date "2011.12.20"]
[Round "6"]
[White "Whalen"]
[Black "dscvdchk"]
[Result "1-0"]
[WhiteElo "1631"]
[BlackElo "1415"]
[Opening "Trompowsky attack (Ruth, Opocenský opening)"]
[ECO "A45"]
[Time "15:05:14"]
[TimeControl "2700+45"]

1. d4 Nf6 2. Bg5 Ne4 3. Bf4 d5 4. Nd2 Bf5 5. f3 Nf6 6. c4 e6 7. e3 h6 8. Rc1 Bd6
9. Ne2 Nh5 10. Bxd6 Qxd6 11. g4 Bxg4 12. fxg4 Nf6 13. Nf4 c6 14. Bg2 Nbd7 15. c5
Qc7 16. O-O O-O 17. Nh3 e5 18. g5 hxg5 19. Nxg5 e4 20. Rf4 g6 21. Qf1 Kg7 22.
Qf2 Rae8 23. Rf1 Qd8 24. Bh3 Nh5 25. Rxf7+ Kh6 26. Rh7+ Kxg5 27. Qg2+ {Black
resigns} 1-0

[Event "Team 45 45 League T51"]
[Site "Internet Chess Club"]
[Date "2011.12.18"]
[Round "6"]
[White "Grenadier"]
[Black "SugarIslander"]
[Result "1-0"]
[WhiteElo "1774"]
[BlackElo "1628"]
[Opening "Caro-Kann: Panov-Botvinnik attack, 5...e6"]
[ECO "B14"]
[Time "12:00:25"]
[TimeControl "2700+45"]

1. e4 c6 2. d4 d5 3. exd5 cxd5 4. c4 Nf6 5. Nc3 e6 6. Nf3 Be7 7. c5 Nbd7 8. Bb5
O-O 9. O-O a6 10. Ba4 Nb8 11. Ne5 Nfd7 12. f4 Nxe5 13. fxe5 f5 14. Be3 Bd7 15.
Qf3 Bg5 16. Bxg5 Qxg5 17. Bxd7 Nxd7 18. a4 Nb8 19. Nxd5 exd5 20. Qxd5+ Kh8 21.
Qxb7 Nc6 22. Qxc6 Qe3+ 23. Kh1 Qxd4 24. e6 Qxb2 25. e7 Rfc8 26. Rae1 Qb8 27. Qe6
Re8 28. Rxf5 Ra7 29. Rf7 h6 30. Qg6 Rg8 31. e8=Q Rxf7 32. Qxb8 Rgf8 33. Qxf8+
{Black resigns} 1-0

[Event "Team 45 45 League T51"]
[Site "Internet Chess Club"]
[Date "2011.12.18"]
[Round "6"]
[White "rom1"]
[Black "zepled37"]
[Result "1-0"]
[WhiteElo "1630"]
[BlackElo "1608"]
[Opening "Queen's gambit declined"]
[ECO "D30"]
[Time "08:10:34"]
[TimeControl "2700+45"]

1. d4 d5 2. c4 e6 3. Nf3 c5 4. cxd5 exd5 5. dxc5 Bxc5 6. Nc3 d4 7. Ne4 Bb6 8. g3
Bf5 9. Nfd2 Nc6 10. Bg2 Nge7 11. Nc4 Bc7 12. O-O O-O 13. b3 Ng6 14. Ba3 Bxe4 15.
Bxe4 Re8 16. Bxg6 hxg6 17. Qd3 Ne5 18. Nxe5 Bxe5 19. Rfd1 Qb6 20. Rac1 Qa5 21.
b4 Qb6 22. Rc4 Rac8 23. Rdc1 Rxc4 24. Rxc4 Qa6 25. Qb3 Qe6 26. Qd3 Qa6 27. Kf1
Qe6 28. Bb2 Qa6 29. a3 b5 30. Rc5 Qb7 31. Kg1 a6 32. f3 Bf6 33. Bc1 Qa8 34. h4
Rc8 35. Bf4 Rxc5 36. bxc5 Qc8 37. Bd6 Qf5 38. Qxf5 gxf5 39. c6 Bd8 40. c7 Bxc7
41. Bxc7 Kf8 42. Bb6 d3 43. exd3 Ke7 44. Kf2 Kd6 45. Ke3 Kc6 46. Bd4 g6 47. g4
fxg4 48. fxg4 a5 49. Ke4 Kd6 50. Bb6 b4 51. Bxa5 bxa3 52. Bb4+ Ke6 53. Bxa3
{Black resigns} 1-0

[Event "Team 45 45 League T51"]
[Site "Internet Chess Club"]
[Date "2011.12.17"]
[Round "6"]
[White "bmw2002"]
[Black "oldsj"]
[Result "1-0"]
[WhiteElo "1574"]
[BlackElo "1448"]
[Opening "King's Indian: fianchetto with ...Nd7"]
[ECO "E67"]
[Time "19:06:12"]
[TimeControl "2700+45"]

1. c4 Nf6 2. g3 g6 3. Bg2 Bg7 4. Nc3 d6 5. d4 O-O 6. Nf3 Nbd7 7. b4 e5 8. O-O
exd4 9. Nxd4 Re8 10. Rb1 Ne5 11. Qb3 Rb8 12. Rd1 Be6 13. Nxe6 Rxe6 14. c5 Qe7
15. Nd5 Nxd5 16. Bxd5 Rf6 17. Bg5 dxc5 18. Bxf6 Bxf6 19. bxc5 c6 20. Bg2 Qxc5
21. h3 Qe7 22. e3 Qc7 23. f4 Nd7 24. Qd3 Rd8 25. Qd6 Qc8 26. h4 Kg7 27. Bh3 b6
28. Bxd7 Qa6 29. Qxc6 Qe2 30. Qe4 b5 31. Qd3 Qxa2 32. Qxb5 Qa3 33. Rd3 Qe7 34.
Rbd1 a5 35. Kf2 Bxh4 36. gxh4 Qxh4+ 37. Kg2 f5 38. Bxf5 {Black resigns} 1-0

[Event "Team 45 45 League T51"]
[Site "Internet Chess Club"]
[Date "2011.12.17"]
[Round "6"]
[White "smsxman"]
[Black "GoIrish"]
[Result "0-1"]
[WhiteElo "1501"]
[BlackElo "1640"]
[Opening "Four knights: Schultze-Müller gambit"]
[ECO "C47"]
[Time "14:00:56"]
[TimeControl "2700+45"]

1. e4 Nf6 2. Nc3 e5 3. Nf3 Nc6 4. Nxe5 Nxe5 5. d4 Nc6 6. e5 Qe7 7. Be2 Ne4 8.
Nxe4 h6 9. O-O d6 10. Bf3 dxe5 11. dxe5 Nxe5 12. Re1 Nxf3+ 13. Qxf3 Be6 14. Be3
O-O-O 15. Nc5 Bd5 16. Qg4+ Kb8 17. Na6+ bxa6 18. Bxa7+ Kxa7 19. Rxe7 Bxe7 20.
Qd4+ Kb7 21. Qxg7 Rhg8 22. Qxh6 Rxg2+ 23. Kf1 Rdg8 24. Ke2 Bc4+ 25. Kf3 Bd5+ 26.
Ke2 R8g6 27. Qf4 Rf6 28. Qd4 Re6+ 29. Kf1 c6 30. c4 Re4 31. cxd5 Rxd4 32. dxc6+
Kxc6 33. Kxg2 Rd2 34. b3 Kd5 35. a4 Bc5 36. Rf1 Rb2 37. Rd1+ Ke4 38. Rc1 Rxf2+
39. Kg3 Rf3+ 40. Kg4 f5+ 41. Kh4 Bf2+ 42. Kh5 Rh3+ 43. Kg6 Rxh2 44. Rc4+ Bd4 45.
Rc6 Rg2+ 46. Kf7 a5 47. Ra6 Bc3 48. Ke6 Rg6+ {White resigns} 0-1

[Event "Team 45 45 League T51"]
[Site "Internet Chess Club"]
[Date "2011.12.19"]
[Round "6"]
[White "QueensCounselor"]
[Black "chiiwen"]
[Result "0-1"]
[WhiteElo "2104"]
[BlackElo "2170"]
[Opening "QGD Slav: 4.Nc3"]
[ECO "D15"]
[Time "15:00:29"]
[TimeControl "2700+45"]

1. d4 d5 2. c4 c6 3. Nf3 Nf6 4. Nc3 a6 5. e3 b5 6. c5 Nbd7 7. b4 a5 8. bxa5 Qxa5
9. Bd2 b4 10. Ne2 Ne4 11. Ng3 Nxd2 12. Nxd2 g5 13. Nb3 Qc7 14. Bd3 Nf6 15. Bf5
e6 16. Bd3 h5 17. h4 g4 18. O-O Bh6 19. Qd2 Ke7 20. Ne2 Ra4 21. g3 Qa7 22. Rfb1
Ba6 23. Nbc1 Rb8 24. Bxa6 Qxa6 25. Rb3 Ne4 26. Qd3 Qc4 27. Qd1 f6 28. Nd3 Raa8
29. Rc1 Qa6 30. Nxb4 Qa4 31. Nc3 Nxc3 32. Rcxc3 Rxb4 {White resigns} 0-1